 Dungeon Crawl Stone Soup version 0.27.0-1-g7a089689b8 (webtiles) character file.

Game seed: 6377080724378069620

4589 dtburroughs the Fighter (level 10, 0/91 HPs)
             Began as a Minotaur Berserker on Aug 8, 2021.
             Was an Elder of Trog.
             Slain by Erica (2 damage)
             ... on level 9 of the Dungeon.
             The game lasted 00:15:06 (10147 turns).

dtburroughs the Fighter (Minotaur Berserker)       Turns: 10147, Time: 00:15:07

Health: 0/91       AC: 12    Str: 23    XL:     10   Next: 18%
Magic:  9/9        EV: 10    Int:  7    God:    Trog [****..]
Gold:   472        SH:  0    Dex:  9    Spells: 9/9 levels left

rFire    . . .     SeeInvis .   C - +0 battleaxe
rCold    . . .     Faith    .   (shield currently unavailable)
rNeg     . . .     Spirit   .   n - +0 chain mail
rPois    +         Reflect  .   (helmet restricted)
rElec    .         Harm     .   o - +0 cloak
rCorr    .         Rampage  .   (no gloves)
Will     .....                  (no boots)
Stlth    ..........             (no amulet)
HPRegen  0.25/turn              e - ring of poison resistance
MPRegen  0.11/turn              (no ring)

@: on berserk cooldown, attractive, slowed, very slow
A: horns 2, retaliatory headbutt
a: Renounce Religion, Berserk, Trog's Hand, Brothers in Arms


You were on level 9 of the Dungeon.
You worshipped Trog.
Trog was greatly pleased with you.
You visited 1 branch of the dungeon, and saw 9 of its levels.

You collected 472 gold pieces.

Inventory:

Hand Weapons
 a - a +0 hand axe
 B - a +1 vorpal war axe
 C - a +0 battleaxe (weapon)
Missiles
 h - 2 throwing nets (quivered)
Armour
 n - a +0 chain mail (worn)
 o - a +0 cloak (worn)
Jewellery
 e - a ring of poison resistance (left hand)
 H - an amulet of magic regeneration
Wands
 f - a wand of iceblast (5)
 q - a wand of paralysis (3)
 A - a wand of flame (25)
 D - a wand of digging (4)
 G - a wand of polymorph (11)
Scrolls
 b - 2 scrolls of summoning {unknown}
 c - 8 scrolls of teleportation {unknown}
 g - 7 scrolls of identify {unknown}
 i - a scroll of acquirement {unknown}
 j - 2 scrolls of amnesia {unknown}
 p - 2 scrolls of silence {unknown}
 r - 2 scrolls of immolation {unknown}
 s - a scroll of blinking {unknown}
 u - a scroll of enchant weapon {unknown}
 w - a scroll of holy word {unknown}
 y - a scroll of fear {unknown}
 E - a scroll of noise {unknown}
Potions
 d - 2 potions of curing
 k - 2 potions of mutation {unknown}
 l - a potion of haste {unknown}
 m - 2 potions of flight {unknown}
 t - a potion of degeneration {unknown}
 v - a potion of might {unknown}
 x - 2 potions of brilliance {unknown}
 z - 2 potions of attraction
 F - a potion of magic {unknown}


   Skills:
 + Level 9.1 Fighting
 + Level 8.9 Axes
 + Level 8.6 Armour
 + Level 7.8 Dodging
 + Level 5.2 Evocations


You had 9 spell levels left.
You didn't know any spells.
Your spell library was empty.

Dungeon Overview and Level Annotations

Branches:
Dungeon (9/15)             Temple (0/1) D:4
   Lair: D:8-11         Orc: D:9-12

Altars:
Okawaru
Ru
Wu Jian
Yredelemnul
Zin

Annotations:
D:6 1 runed translucent door, ZARRMARR's ghost, novice HOMo
D:9 Erica


Innate Abilities, Weirdness & Mutations

You have a pair of horns on your head.
You reflexively headbutt those who attack you in melee.


Message History

Erica burns you.
You slice Erica!!
Erica is moderately wounded.
Erica gestures wildly while chanting.
Erica flickers and vanishes!
Deactivating autopickup; reactivate with Ctrl-A.
Something hits you. Something burns you.
You closely miss something. Your headbutt misses something. Something hits you!
Something burns you. Something hits you but does no damage.
Your chain mail prevents you from hitting something.
You hear some strange, mumbled words.
Something tries to affect you, but you resist.
You hit something. Your headbutt misses something. Something hits you.
Something burns you.
You hear some strange, mumbled words.
You are confused.
You are too confused!
You hear some strange, mumbled words.
A bolt of poison appears from out of thin air!
The bolt of poison hits you! You resist.
Found a book of the Moon.
You closely miss something. Something hits you!
* * * LOW HITPOINT WARNING * * *
Something burns you.
* * * LOW HITPOINT WARNING * * *
Something hits you but does no damage.
You feel better.
You hear a zap.
You suddenly lose the ability to move!
Something hits you!
* * * LOW HITPOINT WARNING * * *
Something burns you.
* * * LOW HITPOINT WARNING * * *
You can move again.
It was a potion of attraction.
You feel attractive to monsters. Something hits you.
* * * LOW HITPOINT WARNING * * *
Something burns you.
You die...

#.# #.# #.#
#.# #.# . #.#
...
#<####....
#.{.......
#.@)...###
........###.#
........# #
........#
........#
........#
........#
......:.#


There were no monsters in sight!

Vanquished Creatures
  A two-headed ogre (D:8)
  A kobold demonologist (D:7)
  Sigmund (D:3)
  6 yaks (D:8)
  2 black bears
  3 orc warriors
  A sky beast (D:6)
  4 ogres
  2 centaurs
  A necrophage (D:6)
  3 phantoms
  2 bullfrogs
  2 kobold brigands (D:7)
  A scorpion (D:6)
  A water moccasin zombie (D:5)
  2 howler monkeys (D:8)
  2 jellies (D:7)
  An orc priest (D:8)
  A hound (D:4)
  A bullfrog skeleton (D:6)
  Ijyb (D:3)
  A gnoll shaman (D:6)
  Crazy Yiuf (D:3)
  Jessica (D:2)
  2 iguanas
  Terence (D:3)
  12 orc wizards
  A howler monkey zombie (D:7)
  6 gnolls
  4 adders
  An adder skeleton (D:2)
  A dart slug (D:2)
  35 orcs
  4 bats
  3 endoplasms
  5 giant cockroaches
  13 goblins
  6 hobgoblins
  7 jackals
  14 kobolds
  3 quokkas
  8 ball pythons
  3 frilled lizards
  7 rats
178 creatures vanquished.

Vanquished Creatures (others)
  6 demonic plants (D:1)
  4 fungi (D:1)
  3 plants (D:1)
  A withered plant (D:1)
14 creatures vanquished.

Grand Total: 192 creatures vanquished

Notes
Turn   | Place    | Note
-------+----------+-------------------------------------------
     0 | D:1      | dtburroughs the Minotaur Berserker began the quest for the
                  | Orb.
     0 | D:1      | Reached XP level 1. HP: 19/19 MP: 0/0
   171 | D:1      | You fall into a shaft and drop 1 floor!
   202 | D:2      | Reached XP level 2. HP: 27/27 MP: 1/1
   476 | D:1      | Reached skill level 4 in Fighting
   577 | D:1      | Found a faded altar of an unknown god.
   589 | D:1      | Reached XP level 3. HP: 28/33 MP: 2/2
   891 | D:2      | Reached ** piety under Trog
   920 | D:2      | Noticed Jessica
   924 | D:2      | Killed Jessica
  1205 | D:2      | Reached XP level 4. HP: 39/41 MP: 3/3
  1427 | D:3      | Noticed Sigmund
  1583 | D:3      | Killed Sigmund
  1584 | D:3      | Reached skill level 5 in Fighting
  1584 | D:3      | Reached skill level 5 in Axes
  1584 | D:3      | Reached XP level 5. HP: 48/48 MP: 4/4
  1773 | D:3      | Found a glowing silver altar of Zin.
  1773 | D:3      | Found a basalt altar of Yredelemnul.
  1931 | D:3      | Noticed Terence
  1941 | D:3      | Killed Terence
  1942 | D:3      | Reached XP level 6. HP: 56/56 MP: 5/5
  2250 | D:3      | Noticed Ijyb
  2268 | D:3      | Killed Ijyb
  2469 | D:3      | Found a runed translucent door.
  2470 | D:3      | Noticed Crazy Yiuf
  2531 | D:3      | Killed Crazy Yiuf
  2806 | D:4      | Found a staircase to the Ecumenical Temple.
  2858 | D:4      | Reached skill level 5 in Armour
  2858 | D:4      | Reached XP level 7. HP: 46/62 MP: 6/6
  3124 | D:4      | Reached skill level 1 in Evocations
  3334 | D:4      | Reached skill level 6 in Fighting
  4433 | D:5      | Entered Level 5 of the Dungeon
  4486 | D:5      | Reached skill level 5 in Dodging
  5393 | D:5      | Reached XP level 8. HP: 26/59 MP: 7/7
  5959 | D:5      | Found an ornate altar of the Wu Jian Council.
  5977 | D:5      | Reached *** piety under Trog
  6116 | D:5      | Found an iron altar of Okawaru.
  6315 | D:6      | Reached skill level 7 in Fighting
  6401 | D:6      | Found a sacrificial altar of Ru.
  7409 | D:6      | Found a runed translucent door.
  7409 | D:6      | Noticed ZARRMARR's ghost (novice HOMo)
  7590 | D:6      | Reached XP level 9. HP: 79/79 MP: 8/8
  8163 | D:7      | Noticed a kobold demonologist
  8166 | D:7      | Noticed a red devil
  8177 | D:7      | Killed a kobold demonologist
  8188 | D:7      | Reached skill level 8 in Fighting
  8900 | D:8      | Reached **** piety under Trog
  9183 | D:8      | Noticed a two-headed ogre
  9198 | D:8      | Killed a two-headed ogre
  9199 | D:8      | Reached skill level 9 in Fighting
  9199 | D:8      | Reached skill level 5 in Evocations
  9199 | D:8      | Reached XP level 10. HP: 80/91 MP: 9/9
 10125 | D:9      | Noticed Erica
 10145 | D:9      | Paralysed by something for 2 turns
 10147 | D:9      | HP: 2/91 [something (5)]
 10147 | D:9      | Slain by Erica

Illustrated notes

Levels and vault maps discovered:
D:1:      nzn_arrival_crosshair, layout_basic, shapermc_ecumenical_altar_gd
D:2:      layout_basic, uniq_jessica
D:3:      layout_rooms, gammafunk_temple_overflow_wave,
          kennysheep_generic_room_2, uniq_ijyb, uniq_terence, uniq_sigmund,
          uniq_crazy_yiuf_cottage
D:4:      layout_basic, minmay_temple_entry_from_below_a,
          minmay_a_box_with_orc_wizards_in_it
D:5:      layout_cave_pools, mainiacjoe_overflow_alcove_1,
          okawaru_altar_gauntlet_db, corexii_item_surrounded_by_moat
D:6:      layout_basic, nicolae_ru_awakened_eye, hellmonk_ghost_happy_afterlife,
          nrook_campfire
D:7:      layout_cave_pools
D:8:      layout_cave_pools
D:9:      layout_long_grid, ashenzari_conservatory_becter,
          amcnicky_altar_gilded, uniq_erica

Skill      XL: |  1  2  3  4  5  6  7  8  9 |
---------------+----------------------------+-----
Fighting       | 4 5 6 7 9 |  9.1
Axes           | 4 5 6 7 8 |  8.9
Armour         | 3 4 5 7 8 |  8.6
Dodging        | 3 4 5 6 7 |  7.8
Evocations     | 2 3 5 |  5.2

Action                   |  1- 3 |  4- 6 |  7- 9 | 10-12 || total
-------------------------+-------+-------+-------+-------++-------
Melee: Hand axe          |    50 |    91 |   217 |       ||   358
       Headbutt          |     8 |    13 |    71 |     4 ||    96
       Battleaxe         |       |       |   111 |    22 ||   133
       War axe           |       |       |     8 |       ||     8
Invok: Berserk           |     2 |     4 |     6 |     1 ||    13
       Trog's Hand       |       |     3 |     3 |       ||     6
  Use: Potion            |       |       |       |     2 ||     2
Armor: Animal skin       |     5 |       |       |       ||     5
       Ring mail         |    28 |    11 |     1 |       ||    40
       Chain mail        |       |    33 |   202 |    14 ||   249
Dodge: Dodged            |    52 |    52 |   164 |    11 ||   279
